 Seeded DCSS version 0.30.1-9-gdf580d7c3d (webtiles) character file.

Game seed: 7547814903460644772 (custom seed)

1192 Psyclone the Tainter (level 8, -10/60 HPs)
             Began as an Octopode Venom Mage on Sept 27, 2023.
             Mangled by a wight
             ... wielding a +2 halberd
              (20 damage)
             ... on level 5 of the Dungeon.
             The game lasted 00:16:57 (5319 turns).

Psyclone the Tainter (Octopode Venom Mage)          Turns: 5319, Time: 00:16:57

Health: -10/60     AC:  1    Str:  7    XL:     8   Next: 43%
Magic:  19/19      EV: 13    Int: 20    God:
Gold:   323        SH:  0    Dex: 12    Spells: 15/22 levels left

rFire   . . .        v - +4 dagger (venom)
rCold   . . .        (no shield)
rNeg    . . .        (helmet restricted)
rPois   .            (no amulet)
rElec   .            (no ring)
rCorr   .            (no ring)
SInv    .            (no ring)
Will    .....        (no ring)
Stlth   +++          (no ring)
HPRegen 0.30/turn    (no ring)
MPRegen 0.16/turn    (no ring)
                     (no ring)

%: no passive effects
@: no status effects
A: almost no armour, amphibious, 8 rings, camouflage 1, gelatinous body 1,
(nimble swimmer 1), tentacles
a: no special abilities


You were on level 5 of the Dungeon.
You visited 1 branch of the dungeon, and saw 5 of its levels.

You collected 323 gold pieces.

Inventory:

Hand Weapons
 i - a +4 dagger
 v - a +4 dagger of venom (weapon)
Wands
 s - a wand of polymorph (11)
Scrolls
 b - 2 scrolls of identify {unknown}
 d - 2 scrolls of enchant weapon {unknown}
 g - a scroll of vulnerability {unknown}
 h - a scroll of magic mapping {unknown}
 j - a scroll of teleportation {unknown}
 k - a scroll of poison {unknown}
 l - 2 scrolls of immolation {unknown}
 p - a scroll of amnesia {unknown}
 w - 2 scrolls of enchant armour {unknown}
Potions
 a - a potion of magic
 c - 2 potions of haste {unknown}
 e - a potion of cancellation {unknown}
 f - 2 potions of might {unknown}
 m - a potion of brilliance {unknown}
 n - a potion of degeneration {unknown}
 o - a potion of flight {unknown}
 q - 2 potions of attraction {unknown}
 r - a potion of resistance {unknown}
 t - 3 potions of mutation {unknown}
 u - 2 potions of heal wounds {unknown}
 x - a potion of berserk rage {unknown}
 z - a potion of curing {unknown}


   Skills:
 - Level 7.0 Fighting
 + Level 0.0 Short Blades
 - Level 2.0 Dodging
 - Level 2.6 Stealth
 - Level 7.7 Spellcasting
 - Level 1.0 Transmutations
 - Level 11.7 Poison Magic


You had 15 spell levels left.
You knew the following spells:

 Your Spells              Type           Power      Damage    Failure   Level
a - Poisonous Vapours     Pois/Air       62%        N/A       1%          2
v - Sting                 Tmut/Pois      100%       1d8       1%          1
x - Olgreb's Toxic Radia  Pois           53%        N/A       1%          4

Your spell library contained the following spells:

 Spells                   Type           Power      Damage    Failure   Level
 Mephitic Cloud           Conj/Pois/Air  23%        N/A       5%          3
 Blink                    Tloc           14%        N/A       13%         2
 Lesser Beckoning         Tloc           14%        N/A       13%         2
 Gell's Gravitas          Tloc           7%         N/A       26%         3
 Inner Flame              Hex/Fire       7%         N/A       26%         3
 Teleport Other           Tloc           7%         N/A       26%         3
 Manifold Assault         Tloc           7%         N/A       65%         4
 Yara's Violent Unravell  Hex/Tmut       4%         3d4       89%         5
 Freezing Cloud           Conj/Ice/Air   3%         6-21      94%         5
 Enfeeble                 Hex            3%         N/A       100%        7
 Storm Form               Tmut/Air       4%         N/A       100%        7


Dungeon Overview and Level Annotations

Branches:
Dungeon (5/15) Zot: 24676
 Temple: D:4-7

Altars:
Ashenzari
Makhleb
Nemelex Xobeh
Wu Jian
Yredelemnul
Zin

Annotations:
D:3 1 runed translucent door, Crazy Yiuf


Innate Abilities, Weirdness & Mutations

You cannot wear most types of armour.
You are amphibious.
You can wear up to eight rings at the same time.
Your skin changes colour to match your surroundings (Stealth+).
Your rubbery body absorbs attacks. (AC +1, EV +1)
((You are camouflaged when in or above water. (Stealth+)))
You have tentacles for arms and can constrict up to eight enemies at once.


Message History

Items here: ( )) [[.
A wight comes into view. It is wielding a +2 halberd.
A wight comes into view. It is wielding a +3 dagger.
Items here: ( )) [[.
You closely miss the wight. You grab the wight.
You constrict the wight, but do no damage.
The wight escapes!
The wight attacks as you move away! The wight hits you with a +3 dagger.
The wight closely misses you.
You take 3 damage, and have 57/60 hp.
Things that are here:
a +0 dagger; a +0 robe; an orc skeleton You hit the wight.
Your grab misses the wight.
The wight is lightly damaged.
You barely miss the wight. Your grab misses the wight.
You squeeze the wight, but do no damage.
The wight is lightly damaged.
The wight hits you with a +2 halberd! The wight hits you with a +3 dagger.
You take 16 damage, and have 43/60 hp.
MASSIVE DAMAGE!!
You completely miss the wight. You grab the wight.
The wight is lightly damaged.
You constrict the wight. The wight closely misses you.
The wight hits you with a +3 dagger!
You take 10 damage, and have 33/60 hp.
You hit the wight but do no damage.
You squeeze the wight, but do no damage.
The wight is moderately damaged.
You constrict the wight, but do no damage.
The wight barely misses you. The wight closely misses you.
You hit the wight.
You tentacle-slap the wight, but do no damage.
The wight is heavily damaged.
You constrict the wight, but do no damage.
The wight hits you with a +2 halberd! The wight hits you with a +3 dagger.
You take 12 damage, and have 21/60 hp.
You release your grip on the wight.
The wight attacks as you move away! The wight hits you with a +3 dagger!
* * * LOW HITPOINT WARNING * * *
The wight hits you from afar with a +2 halberd!!
You die...

.###.##.##.####.####.##..
........)................
.###............#########
#####.#.####.# ##. ##)#.#
#.#
...######....####.########
.........zz.....#........
....###.)#.#.##.##......
#.. #.@#z#.##.##.#####
#..###..#.#z##.##.##
#...##.........#...#
#.#..........).....#
#...#######.####...#
####.## #.# ##.## ..##.#
#.# #.# #.##.# #.# #.#
#.##.# #.# #.#


You could see 2 wights.

Vanquished Creatures
  4 ogres
  A centaur (D:5)
  2 scorpions (D:5)
  A wight (D:5)
  A sleepcap (D:5)
  2 orc priests (D:5)
  2 hounds
  Jessica (D:2)
  Natasha (thrice) (D:3)
  3 orc wizards
  7 adders
  A river rat (D:4)
  7 worms
  2 dart slugs
  16 orcs
  4 ball pythons
  4 bats
  4 endoplasms
  A giant cockroach (D:3)
  10 hobgoblins
  7 jackals
  2 quokkas (D:2)
  3 frilled lizards
  9 goblins
  6 kobolds
  2 rats (D:1)
105 creatures vanquished.

Notes
Turn   | Place    | Note
-------+----------+-------------------------------------------
     0 | D:1      | Psyclone the Octopode Venom Mage began the quest for the
                  | Orb.
     0 | D:1      | Reached XP level 1. HP: 11/11 MP: 3/3
    48 | D:1      | Found a faded altar of an unknown god.
   106 | D:1      | Reached skill level 4 in Poison Magic
   146 | D:1      | Reached XP level 2. HP: 17/17 MP: 1/5
   624 | D:1      | Reached skill level 9 in Poison Magic
   624 | D:1      | Reached XP level 3. HP: 21/21 MP: 5/10
   625 | D:1      | Reached XP level 4. HP: 38/38 MP: 5/13
   877 | D:2      | Noticed Jessica
   882 | D:2      | Killed Jessica
   883 | D:2      | Reached XP level 5. HP: 40/43 MP: 11/15
   889 | D:2      | Learned a level 2 spell: Poisonous Vapours
   894 | D:2      | Learned a level 4 spell: Olgreb's Toxic Radiance
  2371 | D:3      | Found an ornate altar of the Wu Jian Council.
  2394 | D:3      | Noticed Natasha
  2442 | D:3      | Killed Natasha
  2610 | D:3      | Noticed Natasha
  2616 | D:3      | Killed Natasha
  2617 | D:3      | Reached XP level 6. HP: 49/49 MP: 5/16
  2748 | D:3      | Found a broken altar of Ashenzari.
  2956 | D:3      | Noticed Natasha
  2962 | D:3      | Killed Natasha
  3075 | D:3      | Found a runed translucent door.
  3076 | D:3      | Noticed Crazy Yiuf
  3398 | D:4      | Reached skill level 10 in Poison Magic
  3398 | D:4      | Reached XP level 7. HP: 44/54 MP: 12/18
  3402 | D:4      | Found a sparkling altar of Nemelex Xobeh.
  3524 | D:4      | Found a burning altar of Makhleb.
  3526 | D:4      | Found a glowing silver altar of Zin.
  3526 | D:4      | Noticed a balrug
  3526 | D:4      | Noticed an angel
  3571 | D:4      | Found a basalt altar of Yredelemnul.
  4546 | D:5      | Entered Level 5 of the Dungeon
  4558 | D:5      | Reached skill level 11 in Poison Magic
  4568 | D:5      | Reached XP level 8. HP: 50/60 MP: 6/19
  5319 | D:5      | Mangled by a wight

Illustrated notes

Levels and vault maps discovered:
D:1:      lordsloth_arrival_two_stooges, layout_basic,
          chequers_ecumenical_altar_simple
D:2:      layout_loops_ring, uniq_jessica
D:3:      layout_loops_cross, ashenzari_conservatory_becter,
          nzn_wu_jian_council_hall, chequers_serial_rivers_room_a,
          grunt_decor_cap, hangedman_abyss_or_decor_lesser_grid,
          hangedman_decor_peaks_small, minmay_gold_behind_fungi, uniq_natasha,
          uniq_crazy_yiuf_cottage
D:4:      layout_loops_ring, grunt_temple_overflow_order_and_chaos_2,
          yredelemnul_altar_generic, nemelex_dance_club_becter,
          gup_sewer_entry_bubbles
D:5:      layout_loops_ring, grunt_temple_overflow_growth_and_decay,
          nicolae_overflow_quartered_altars, doesnt_shop_hydraphobe

Skill      XL: |  1  2  3  4  5  6  7 |
---------------+----------------------+-----
Poison Magic   | 4 9 10 11 | 11.7
Spellcasting   | 6 7 |  7.7
Fighting       | 7 |  7.0
Dodging        | |  2.0
Stealth        | |  2.6
Transmutations | |  1.0

Action                     |  1- 3 |  4- 6 |  7- 9 || total
---------------------------+-------+-------+-------++-------
  Melee: Unarmed           |     9 |       |       ||     9
         Constrict         |     3 |    14 |     9 ||    26
         Dagger            |     3 |    49 |    41 ||    93
         Tentacles         |     1 |     8 |    11 ||    20
         Punch             |       |     1 |     2 ||     3
   Cast: Sting             |    21 |     3 |     2 ||    26
         Poisonous Vapours |       |    42 |    24 ||    66
         Olgreb's Toxic Ra |       |     6 |    12 ||    18
    Use: Potion            |     2 |       |       ||     2
   Stab: Sleeping          |       |     6 |     5 ||    11
 Armour: Skin              |     1 |     1 |     2 ||     4
  Dodge: Dodged            |     6 |    22 |    30 ||    58
